AoeStats
← b站江条

Arabia

509693855Analyzed
1v1 RM · 4d ago on Sep 27, 2026· 37m 7s· 2 players
Game mode
Random Map
Map size
Tiny (2 player)
Population
200
Speed
Normal
Resources
Standard
Victory
Conquest
Starting age
Dark Age
Ending age
Imperial Age
RankedLock teamsTeams togetherTeam positionsShared explorationLock speedFull tech treeHidden civsTurbo modeCheats
Victory
Defeat
🇨🇳 Maya · China
1357
+18
🇩🇪 Varangians · Germany
1399
-18
b站江条
0:25 Loom
9:19 Feudal Age
11:04 Town Watch
16:54 Double-Bit Axe
19:15 Wheelbarrow
20:19 Horse Collar
23:38 Castle Age
22:23 Gold Mining
22:44 Fletching
23:55 Padded Archer Armor
23:56 Scale Mail Armor
24:03 Crossbowman
24:40 Bodkin Arrow
26:32 Bow Saw
28:16 Leather Archer Armor
28:12 Thumb Ring
31:00 Heavy Plow
36:29 Imperial Age
34:57 Hand Cart
35:00 Stone Mining
36:21 Ballistics
36:51 Arbalester
37:48 Guilds
37:45 Bracer
MAO28
6:11 Loom
9:55 Feudal Age
9:59 Man-at-Arms
11:02 Double-Bit Axe
12:05 Horse Collar
14:18 Padded Archer Armor
14:08 Fletching
14:32 Fletching
22:23 Castle Age
22:39 Scale Barding Armor
22:59 Bodkin Arrow
25:11 Bloodlines
25:16 Elite Skirmisher
29:31 Ballistics
31:22 Leather Archer Armor
33:55 Husbandry
34:26 Chain Barding Armor
36:56 Wheelbarrow
Connection lost

Rejoining the realm…

Still unreachable

The connection could not be restored.

Session expired

The server has moved on; the page needs a fresh start.